 Dungeon Crawl Stone Soup version 0.25.1-2-g60ff931df9 (webtiles) character file.

Game seed: 4049003670378912888

84 raphialitos the Sneak (level 4, -5/26 HPs)
             Began as a Vampire Assassin on Oct 19, 2020.
             Splashed by a jelly's acid (9 damage)
             ... on level 3 of the Dungeon.
             The game lasted 00:04:59 (2316 turns).

raphialitos the Sneak (Vampire Assassin)            Turns: 2316, Time: 00:05:01

Health: -5/26      AC:  0    Str: 10    XL:     4   Next: 24%
Magic:  9/13       EV: 13    Int: 13    God:
Gold:   67         SH:  0    Dex: 22    Spells: 3/3 levels left

rFire    . . .     SeeInvis +   a - +3 dagger
rCold    + + .     Gourm    .   (no shield)
rNeg     + + +     Faith    .   b - +0 robe
rPois    ∞         Spirit   .   k - +0 helmet
rElec    .         Reflect  .   c - +0 cloak
rCorr    .         Harm     .   (no gloves)
MR       .....                  (no boots)
Stlth    ++++++....             (no amulet)
HPRegen  0.00/turn              m - +6 ring of dexterity
MPRegen  0.13/turn              p - ring of magical power (curse)

@: corroded, bloodless
A: no food, fangs 3, see invisible, unbreathing
a: Bat Form, Revivify


You were on level 3 of the Dungeon.
You were bloodless.

You visited 1 branch of the dungeon, and saw 3 of its levels.

You collected 67 gold pieces.

Inventory:

Hand Weapons
 a - a +3 dagger (weapon)
Missiles
 e - 2 curare-tipped darts
 f - 40 sling bullets
 g - 6 poisoned darts (quivered)
 n - 15 arrows
Armour
 b - a +0 robe (worn)
 c - a +0 cloak (worn)
 k - a +0 helmet (worn)
Jewellery
 m - a +6 ring of dexterity (left hand)
 p - a cursed ring of magical power (right hand)
Scrolls
 i - a scroll of teleportation
Potions
 d - a potion of haste {unknown}
 h - 2 potions of curing
 j - a potion of flight {unknown}
 l - a potion of resistance {unknown}


   Skills:
 + Level 2.0 Fighting
 + Level 2.5 Short Blades
 + Level 1.7 Throwing
 + Level 2.1 Dodging
 + Level 7.7 Stealth


You had 3 spell levels left.
You didn't know any spells.
Your spell library was empty.

Dungeon Overview and Level Annotations

Branches:
Dungeon (3/15)

Altars:


Innate Abilities, Weirdness & Mutations

You do not eat.
You do not regenerate when monsters are visible.
You are frail without blood (-20% HP).
You can heal yourself when you bite living creatures.
You are immune to poison.
You have razor-sharp teeth.
You have supernaturally acute eyesight. (SInv)
You can survive without breathing.


Message History

There is a stone staircase leading up here.
The jelly quivers.
The jelly barely misses you.
You hit the jelly.
Your hands burn!
The jelly is lightly wounded.
The jelly hits you but does no damage.
You hit the jelly.
Your hands burn!
You bite the jelly.
The jelly is moderately wounded.
The jelly jiggles.
The jelly misses you.
You hit the jelly. The acid corrodes you!
Your hands burn!
The jelly is severely wounded.
The jelly hits you.
You are splashed with acid.
You hit the jelly but do no damage.
Your hands burn!
* * * LOW HITPOINT WARNING * * *
The jelly is severely wounded.
The jelly hits you.
* * * LOW HITPOINT WARNING * * *
You are splashed with acid!
You die...

## .. ##. #..
#).####
#..<..#
#...#.#
...##...# #
.......@#
##.....J..#
.......$.....
##############


You could see a jelly.

Vanquished Creatures
  An adder (D:2)
  2 worms (D:2)
  3 dart slugs (D:1)
  4 leopard geckos
  13 giant cockroaches
  3 goblins
  7 hobgoblins
  A quokka (D:2)
  10 bats
  A kobold (D:2)
  8 rats
53 creatures vanquished.

Notes
Turn   | Place    | Note
-------+----------+-------------------------------------------
     0 | D:1      | raphialitos the Vampire Assassin began the quest for the
                  | Orb.
     0 | D:1      | Reached XP level 1. HP: 16/16 MP: 1/1
   132 | D:1      | Reached skill level 6 in Stealth
   150 | D:1      | Reached XP level 2. HP: 17/17 MP: 2/2
   818 | D:1      | Reached XP level 3. HP: 21/21 MP: 3/3
   858 | D:1      | Reached skill level 7 in Stealth
  1678 | D:2      | Reached XP level 4. HP: 26/26 MP: 4/4
  2316 | D:3      | Splashed by a jelly's acid

Illustrated notes

Levels and vault maps discovered:
D:1:      shiori_arrival_oz, layout_basic
D:2:      minmay_roachtagon, layout_basic, first_ration
D:3:      layout_basic, kennysheep_generic_room_5

Skill      XL: |  1  2  3  4 |
---------------+-------------+-----
Stealth        | 6 7 |  7.7
Dodging        | 2 |  2.1
Fighting       | 2 |  2.0
Short Blades   | |  2.5
Throwing       | |  1.7

Action                   |  1- 3 |  4- 6 || total
-------------------------+-------+-------++-------
Melee: Dagger            |    81 |    53 ||   134
       Bite              |     3 |     9 ||    12
Throw: Dart              |    16 |       ||    16
 Abil: Exsanguinate      |     1 |       ||     1
  Use: Scroll            |     3 |     3 ||     6
 Stab: Sleeping          |    23 |     3 ||    26
       Distracted        |     1 |       ||     1
Armor: Robe              |    35 |    15 ||    50
Dodge: Dodged            |    76 |    52 ||   128
